 Dungeon Crawl Stone Soup version 0.24.0-13-gcf9b319 (webtiles) character file.

Game seed: 11328613013335232754, levelgen mode: deterministic

63 stigmas the Caller (level 3, -1/19 HPs)
             Began as a Deep Elf Summoner on Nov 15, 2019.
             Slain by a worm (9 damage)
             ... on level 3 of the Dungeon.
             The game lasted 00:08:15 (3067 turns).

stigmas the Caller (Deep Elf Summoner)              Turns: 3067, Time: 00:08:16

Health: -1/19      AC:  4    Str:  5    XL:     3   Next: 89%
Magic:  7/10       EV: 13    Int: 20    God:
Gold:   112        SH:  0    Dex: 15    Spells: 5/10 levels left

rFire    . . .     SeeInvis .   m - +3 dagger
rCold    . . .     Gourm    .   (no shield)
rNeg     . . .     Faith    .   a - +0 robe
rPois    .         Spirit   .   (no helmet)
rElec    .         Reflect  .   (no cloak)
rCorr    .         Harm     .   n - +0 pair of gloves
MR       .....                  j - +0 pair of boots
Stlth    ++........             (no amulet)
HPRegen  0.06/turn              (no ring)
MPRegen  0.12/turn              (no ring)

@: no status effects
A: no striking features
a: no special abilities


You were on level 3 of the Dungeon.
You were not hungry.

You visited 1 branch of the dungeon, and saw 3 of its levels.

You collected 112 gold pieces.

Inventory:

Hand Weapons
 m - a +3 dagger (weapon)
Armour
 a - a +0 robe (worn)
 j - a +0 pair of boots (worn)
 n - a +0 pair of gloves (worn)
Jewellery
 r - an uncursed amulet of magic regeneration {unknown}
Scrolls
 e - a scroll of noise {unknown}
 f - 5 scrolls of identify {unknown}
 g - 2 scrolls of remove curse {unknown}
 i - a scroll of fear {unknown}
 l - a scroll of magic mapping {unknown}
 p - a scroll of immolation {unknown}
 q - a scroll of teleportation {unknown}
Potions
 b - 2 potions of brilliance {unknown}
 d - a potion of haste {unknown}
 h - a potion of ambrosia {unknown}
 k - a potion of berserk rage {unknown}
 o - a potion of might {unknown}
Comestibles
 c - 7 rations


   Skills:
 + Level 2.6 Dodging
 + Level 2.8 Stealth
 + Level 4.0 Spellcasting
 * Level 1.2 Conjurations
 + Level 5.1 Summonings


You had 5 spell levels left.
You knew the following spells:

 Your Spells              Type           Power        Failure   Level  Hunger
a - Summon Small Mammal   Summ           ###.         1%          1    None
b - Magic Dart            Conj           #...         8%          1    None
c - Call Canine Familiar  Summ           ###.....     4%          3    ###....

Your spell library contained the following spells:

 Spells                   Type           Power        Failure   Level  Hunger
 Call Imp                 Summ           ###.....     2%          2    #......
 Summon Guardian Golem    Hex/Summ       ##......     13%         3    ###....
 Blink                    Tloc           N/A          19%         2    #......
 Slow                     Hex            #.......     19%         2    #......
 Conjure Flame            Conj/Fire      #.......     30%         3    ###....
 Mephitic Cloud           Conj/Pois/Air  #.......     32%         3    ###....
 Summon Ice Beast         Ice/Summ       ##......     41%         4    ####...
 Summon Lightning Spire   Summ/Air       ##......     41%         4    ####...


Dungeon Overview and Level Annotations

Branches:
Dungeon (3/15)

Altars:
Okawaru


Message History

Found a stone staircase leading down.
A worm comes into view.
The worm closely misses you.
You hit the worm.
The worm is lightly wounded.
The worm closely misses you.
You hit the worm.
The worm is heavily wounded.
You hit the worm.
The worm is severely wounded.
The worm bites you.
You barely miss the worm.
The worm is heavily wounded.
You hit the worm.
The worm is severely wounded.
The worm bites you!
Casting: Call Canine Familiar (safe; 4% risk of failure)
Confirm with . or Enter, or press ? or * to list all spells.
The worm bites you!
You die...

########
#...w@.#
##.####h#
...>##.#
#.#.##.#
##.#.##.#
#.......#
###....####
#.......#
##.##.##.##


You could see a worm and a friendly hound.

Vanquished Creatures
  Jessica (D:2)
  2 goblins
  A hobgoblin (D:2)
  2 bats (D:2)
  A frilled lizard (D:1)
  A kobold (D:2)
  4 rats
12 creatures vanquished.

Vanquished Creatures (collateral kills)
  An adder (D:2)
  An ooze (D:2)
  A worm (D:2)
  A giant cockroach (D:1)
  4 goblins
  5 hobgoblins
  7 jackals (D:1)
  2 kobolds
  A bat (D:1)
  A frilled lizard (D:2)
  6 rats
30 creatures vanquished.

Grand Total: 42 creatures vanquished

Notes
Turn   | Place    | Note
-------+----------+-------------------------------------------
     0 | D:1      | stigmas the Deep Elf Summoner began the quest for the Orb.
     0 | D:1      | Reached XP level 1. HP: 10/10 MP: 6/6
  1037 | D:1      | Reached XP level 2. HP: 10/15 MP: 6/8
  1848 | D:2      | Learned a level 1 spell: Magic Dart
  2143 | D:2      | Reached skill level 5 in Summonings
  2173 | D:2      | Noticed Jessica
  2181 | D:2      | Killed Jessica
  2181 | D:2      | Reached skill level 1 in Conjurations
  2181 | D:2      | Reached XP level 3. HP: 19/19 MP: 10/10
  2186 | D:2      | Learned a level 3 spell: Call Canine Familiar
  3041 | D:3      | Found an iron altar of Okawaru.
  3067 | D:3      | Slain by a worm

Levels and vault maps discovered:
D:1:      dpeg_arrival_castle, layout_basic, minmay_misc_feat_room,
          minmay_indecisive_spiral
D:2:      layout_loops_corners, first_ration, uniq_jessica
D:3:      layout_loops_cross, minmay_misc_feat_secret_circle,
          okawaru_gym_becter, uniq_sigmund

Skill      XL: |  1  2  3 |
---------------+----------+-----
Summonings     | 5 |  5.1
Conjurations   | 1 |  1.2
Spellcasting   | 4 |  4.0
Dodging        | |  2.6
Stealth        | |  2.8

Action                   || total
-------------------------++-------
Melee: Unarmed           ||     5
       Dagger            ||    24
 Cast: Summon Small Mamm ||    38
       Magic Dart        ||    11
       Call Canine Famil ||     4
 Stab: Sleeping          ||     4
  Eat: Chunk             ||     3
       Ration            ||     1
Armor: Robe              ||    14
Dodge: Dodged            ||    37
